 Dungeon Crawl Stone Soup version 0.28-a0-872-g80cf8599ee (webtiles) character file.

Game seed: 2378326495055562003

28 ytrimaz the Skirmisher (level 3, -2/29 HPs)
             Began as a Demonspawn Fighter on Nov 20, 2021.
             Was a Follower of Qazlal.
             Slain by a goblin (5 damage)
             ... led by Robin
             ... on level 2 of the Dungeon.
             The game lasted 00:01:13 (956 turns).

ytrimaz the Skirmisher (Demonspawn Fighter)          Turns: 956, Time: 00:01:13

Health: -2/29      AC:  6    Str: 17    XL:     3   Next: 0%
Magic:  3/3        EV:  9    Int:  9    God:    Qazlal [*.....]
Gold:   24         SH:  6    Dex: 12    Spells: 2/2 levels left

rFire   . . .      SeeInvis .   a - +0 war axe
rCold   . . .      Faith    .   c - +0 buckler
rNeg    . . .      Spirit   .   b - +0 scale mail
rPois   .          Reflect  .   (no helmet)
rElec   .          Harm     .   (no cloak)
rCorr   .          Rampage  .   (no gloves)
Will    .....                   (no boots)
Stlth   ..........              (no amulet)
HPRegen 0.09/turn               (no ring)
MPRegen 0.16/turn               (no ring)

@: no status effects
A: magic regeneration
a: Renounce Religion


You were on level 2 of the Dungeon.
You worshipped Qazlal.
Qazlal was aware of your devotion.
You visited 1 branch of the dungeon, and saw 2 of its levels.

You collected 24 gold pieces.

Inventory:

Hand Weapons
 a - a +0 war axe (weapon)
Armour
 b - a +0 scale mail (worn)
 c - a +0 buckler (worn)
Scrolls
 g - a scroll of identify {unknown}
 i - 2 scrolls of summoning
Potions
 d - a potion of might
 e - a potion of ambrosia {unknown}
 f - 4 potions of curing {unknown}
 h - a potion of degeneration {unknown}
 j - a potion of flight {unknown}


   Skills:
 + Level 3.3 Fighting
 + Level 2.2 Axes
 + Level 3.0 Armour
 + Level 3.0 Shields
 * Level 0.2 Invocations


You had 2 spell levels left.
You didn't know any spells.
Your spell library contained the following spells:

 Spells                   Type           Power      Damage    Failure   Level
 Passwall                 Tmut/Erth      0%         N/A       93%         2
 Gell's Gravitas          Tloc           0%         N/A       99%         3
 Lesser Beckoning         Tloc           0%         N/A       99%         3
 Swiftness                Air            0%         N/A       99%         3
 Teleport Other           Tloc           0%         N/A       99%         3


Dungeon Overview and Level Annotations

Branches:
Dungeon (2/15)

Altars:
Qazlal

Annotations:
D:2 Robin


Innate Abilities, Weirdness & Mutations

You regenerate magic rapidly.


Message History

A goblin comes into view. It is wielding a +0 dagger.
Robin roars a battlecry!
The goblin goes into a battle-frenzy!
You closely miss the hobgoblin.
The hobgoblin hits you but does no damage.
You hit the hobgoblin.
You kill the hobgoblin!
Qazlal accepts your kill. The goblin hits you with a +0 dagger.
Your Shields skill increases to level 3!
You barely miss the goblin. The goblin completely misses you.
You slash the goblin!
You kill the goblin!
Qazlal accepts your kill.
You slash the goblin!
You kill the goblin!
Qazlal accepts your kill.
You have reached level 3!
Your experience leads to an increase in your attributes!
Increase (S)trength, (I)ntelligence, or (D)exterity?
You feel stronger.
You barely miss Robin. Robin hits you with a +0 vorpal mace.
Robin throws the goblin at you!
You barely miss Robin. You closely miss the goblin.
You block the goblin's attack. Robin throws the goblin at you!
The goblin closely misses you.
You hit Robin.
Robin is lightly wounded.
You closely miss the goblin. You hit the goblin but do no damage.
The goblin hits you but does no damage. Robin hits you with a +0 vorpal mace.
The goblin hits you but does no damage. The goblin closely misses you.
Robin hits you with a +0 vorpal mace.
* * * LOW HITPOINT WARNING * * *
x2 You hit Robin.
Robin is heavily wounded.
You hit the goblin.
You kill the goblin!
Qazlal accepts your kill.
You closely miss the goblin. The goblin hits you with a +0 dagger.
You die...

######.#.#....###.#..# #
...........>#....<...#
.......####...##.....#
.#####.# ##.###....## #
..## #.#####.##.....# .#
##.#
#..........###.##.#####
#.# #######.##.#
#........# ##.#
#.##.###.)#>###.#
...#########...)@g.....#
.#.............g###..###
.....##########.# #..#
####.# ##...#.# >..#
.#.#.# .....# #.#.#
........ #. .#
##.....### #. .# ##...##


You could see Robin and a goblin (strong).

Vanquished Creatures
  2 dart slugs (D:1)
  4 ball pythons
  2 giant cockroaches (D:1)
  6 goblins
  3 hobgoblins
  2 frilled lizards (D:1)
  2 kobolds (D:1)
21 creatures vanquished.

Vanquished Creatures (collateral kills)
  A rat (D:2)
1 creature vanquished.

Grand Total: 22 creatures vanquished

Notes
Turn   | Place    | Note
-------+----------+-------------------------------------------
     0 | D:1      | ytrimaz the Demonspawn Fighter began the quest for the Orb.
     0 | D:1      | Reached XP level 1. HP: 18/18 MP: 1/1
   224 | D:1      | Gained mutation: You regenerate magic rapidly. [demonic
                  | ancestry]
   224 | D:1      | Reached XP level 2. HP: 21/24 MP: 2/2
   871 | D:2      | Found a faded altar of an unknown god.
   879 | D:2      | Prayed at the altar of an unknown god.
   879 | D:2      | Became a worshipper of Qazlal Stormbringer
   879 | D:2      | Reached * piety under Qazlal
   939 | D:2      | Noticed Robin
   953 | D:2      | Reached XP level 3. HP: 18/29 MP: 3/3
   956 | D:2      | Slain by a goblin

Illustrated notes

Levels and vault maps discovered:
D:1:      erik_arrival_triangle_medium, layout_basic, roderic_malta_cross,
          serial_bayou_lake_a
D:2:      layout_loops_ring, shapermc_ecumenical_altar_starsandcircs,
          minmay_divided_ellipse, uniq_robin

Skill      XL: |  1  2 |
---------------+-------+-----
Axes           | 2 |  2.2
Armour         | 3 |  3.0
Shields        | 3 |  3.0
Fighting       | |  3.3
Invocations    | |  0.2

Action                   || total
-------------------------++-------
Melee: War axe           ||    54
  Use: Scroll            ||     1
Armor: Scale mail        ||    29
Dodge: Dodged            ||    30
Block: Buckler           ||    17

Table legend: (Time is in decaauts)
 A = Elapsed time spent in this place.
 B = Non-inter-level travel time spent in this place.
 C = Inter-level travel time spent in this place.
 D = Time resting spent in this place.
 E = Time spent auto-exploring this place.
 F = Levels seen in this place.
 G = Mean time per level.
                   A        B        C        D        E       F      G
               +--------+--------+--------+--------+--------+-----+--------+
         Total |   1013 |   1003 |     10 |      0 |    835 |   2 |  506.5 |
       Dungeon |   1013 |   1003 |     10 |      0 |    835 |   2 |  506.5 |
               +--------+--------+--------+--------+--------+-----+--------+

Top non-repeatable levels by time:
     D:1: 901 daAuts
     D:2: 112 daAuts
